 Dungeon Crawl Stone Soup version 0.25.0-33-gff14898491 (webtiles) character file.

Game seed: 1811478766441648923

249 Ethylacetat the Sneak (level 6, -1/43 HPs)
             Began as an Octopode Assassin on July 7, 2020.
             Was an Initiate of Okawaru.
             Killed from afar by an orc wizard (10 damage)
             ... with a magic dart
             ... on level 4 of the Dungeon.
             The game lasted 00:08:54 (3246 turns).

Ethylacetat the Sneak (Octopode Assassin)           Turns: 3246, Time: 00:08:56

Health: -1/43      AC:  1    Str: 13    XL:     6   Next: 12%
Magic:  15/15      EV: 13    Int: 13    God:    Okawaru [......]
Gold:   168        SH:  0    Dex: 13    Spells: 5/5 levels left

rFire    . . .     SeeInvis .   a - +2 dagger
rCold    . . .     Gourm    .   (no shield)
rNeg     . . .     Faith    .   (helmet restricted)
rPois    .         Spirit   .   (no amulet)
rElec    .         Reflect  .   q - ring of magical power
rCorr    .         Harm     .   (no ring)
MR       .....                  (no ring)
Stlth    ++++......             (no ring)
HPRegen  0.14/turn              (no ring)
MPRegen  0.14/turn              (no ring)
                                (no ring)
                                (no ring)

@: no status effects
A: almost no armour, stealthy swim, amphibious, 8 rings, constrict 8, camouflage
1, gelatinous body 1
a: Renounce Religion


You were on level 4 of the Dungeon.
You worshipped Okawaru.
Okawaru was noncommittal.
You were not hungry.

You visited 1 branch of the dungeon, and saw 4 of its levels.

You collected 168 gold pieces.

Inventory:

Hand Weapons
 a - a +2 dagger (weapon)
Missiles
 b - 17 poisoned darts (quivered)
 c - 2 curare-tipped darts
Jewellery
 q - a ring of magical power (left tentacle)
Scrolls
 g - 2 scrolls of identify {unknown}
 h - a scroll of enchant armour {unknown}
 i - 3 scrolls of teleportation {unknown}
 j - a scroll of random uselessness {unknown}
 k - 2 scrolls of fog {unknown}
 l - a scroll of immolation {unknown}
 n - a scroll of remove curse {unknown}
 p - 2 scrolls of magic mapping {unknown}
 u - a scroll of blinking {unknown}
Potions
 e - a potion of degeneration {unknown}
 f - 3 potions of brilliance {unknown}
 m - a potion of ambrosia {unknown}
 o - 2 potions of heal wounds
 r - a potion of flight {unknown}
 t - a potion of lignification {unknown}
 v - a potion of curing {unknown}
Comestibles
 d - 10 rations
 s - 4 chunks of flesh


   Skills:
 + Level 3.8 Fighting
 * Level 5.2 Short Blades
 - Level 2.0 Throwing
 - Level 1.0 Dodging
 - Level 5.3 Stealth


You had 5 spell levels left.
You didn't know any spells.
Your spell library contained the following spells:

 Spells                   Type           Power        Failure   Level  Hunger
 Magic Dart               Conj           #...         30%         1    ##.....
 Searing Ray              Conj           #.....       43%         2    ###....
 Dazzling Flash           Conj/Hex       #.....       67%         3    ####...
 Fulminant Prism          Conj/Hex       #.........   97%         4    #####..
 Iskenderun's Mystic Bla  Conj/Tloc      #.......     97%         4    #####..


Dungeon Overview and Level Annotations

Branches:
Dungeon (4/15)
 Temple: D:4-7

Altars:
Okawaru
Xom
Zin


Innate Abilities, Weirdness & Mutations

You cannot wear most types of armour.
You are very stealthy in the water. (Stealth+)
You are amphibious.
You can wear up to eight rings at the same time.
You can use your tentacles to constrict eight enemies at once.
Your skin changes colour to match your surroundings (Stealth+).
Your rubbery body absorbs attacks. (AC +1, EV +1)


Message History

Your experience leads to an increase in your attributes!
Increase (S)trength, (I)ntelligence, or (D)exterity?
You feel stronger. Something hits you but does no damage.
The orc closely misses you.
You hit something but do no damage. Something hits you but does no damage.
You barely miss something. The orc closely misses you. Something hits you.
You completely miss something. The orc hits you with a +0 falchion.
You miss something.
You hear some strange, mumbled words.
A puff of frost appears from out of thin air!
The puff of frost hits you!
You closely miss something. The orc misses you. Something hits you.
* * * LOW HITPOINT WARNING * * *
You hit something. Your squeeze misses something.
The orc hits you with a +0 falchion.
* * * LOW HITPOINT WARNING * * *
You hear some strange, mumbled words.
A magic dart appears from out of thin air!
The magic dart hits you!
You die...

...#..........
#..#.........#
##............# #.
##..?.........
#.####............
##..............>#
##....#........){o#
.....###........@.####.
...............†........
...#.).).#..............
..##.._..##.............
#..#.).).#..............
..................!.....
..(..###................
..#...#........##...##..
...<...........##...##.


You could see an orc.

Vanquished Creatures
  A crimson imp (D:4)
  A hound (D:4)
  An orc priest (D:3)
  An orc wizard (D:3)
  A worker ant (D:4)
  An adder (D:2)
  An ooze (D:1)
  4 worms
  2 leopard geckos
  10 orcs
  3 giant cockroaches
  5 goblins
  8 hobgoblins
  4 jackals (D:2)
  5 kobolds
  7 bats
  4 frilled lizards
  8 rats
67 creatures vanquished.

Notes
Turn   | Place    | Note
-------+----------+-------------------------------------------
     0 | D:1      | Ethylacetat the Octopode Assassin began the quest for the
                  | Orb.
     0 | D:1      | Reached XP level 1. HP: 14/14 MP: 1/1
   481 | D:1      | Reached XP level 2. HP: 19/19 MP: 2/2
  1245 | D:2      | Reached XP level 3. HP: 24/25 MP: 3/3
  1843 | D:2      | Reached XP level 4. HP: 30/30 MP: 4/4
  2111 | D:3      | Found a shimmering altar of Xom.
  2657 | D:3      | Found a glowing silver altar of Zin.
  2910 | D:3      | Reached XP level 5. HP: 23/36 MP: 5/5
  3203 | D:4      | Found an iron altar of Okawaru.
  3209 | D:4      | Became a worshipper of Warmaster Okawaru
  3230 | D:4      | Reached skill level 5 in Short Blades
  3240 | D:4      | Reached XP level 6. HP: 27/43 MP: 6/6
  3246 | D:4      | Killed from afar by an orc wizard

Illustrated notes

Levels and vault maps discovered:
D:1:      wander_arrival_lonely_grave, layout_basic, fountainhead
D:2:      layout_loops_ring
D:3:      layout_loops_ring, zin_statuary, old_standard_altar, first_ration
D:4:      layout_rooms, okawaru_ov_weapons_minmay,
          minmay_temple_entry_stoned_glass, hangedman_abyss_or_decor_lesser_grid

Skill      XL: |  1  2  3  4  5 |
---------------+----------------+-----
Short Blades   | 3 4 5 |  5.2
Fighting       | 3 |  3.8
Throwing       | |  2.0
Dodging        | |  1.0
Stealth        | |  5.3

Action                   |  1- 3 |  4- 6 || total
-------------------------+-------+-------++-------
Melee: Dagger            |    76 |    80 ||   156
       Constrict         |    14 |    21 ||    35
       Tentacles         |    10 |    19 ||    29
 Stab: Sleeping          |    14 |     5 ||    19
  Eat: Chunk             |     3 |     4 ||     7
Armor: Skin              |     3 |     2 ||     5
Dodge: Dodged            |    33 |    43 ||    76
